[ AOE2 MATCH · #484246798 ]
Team RMGoths vs Wu
[ REPLAY ANALYSIS · EXTRACTED FROM THE RECORDED GAME ]
Feudal
14:15
Castle
24:09
Imperial
52:54
| APM avg | 15.6 |
| APM peak | 45 |
| eAPM avg | 8.1 |
| Villagers / military | 132 / 27 |
Focus
⚔️ 16.8% · 🌾 83.2%
Fishing Ship ×16 · Huskarl ×15 · Spearman ×9 · Unknown (2626) ×5 · Fire Galley ×2 · Scorpion ×1
Feudal
12:09
Castle
28:23
Imperial
44:44
| APM avg | 56.5 |
| APM peak | 105 |
| eAPM avg | 21.2 |
| Villagers / military | 138 / 166 |
Focus
⚔️ 22.4% · 🌾 77.6%
Skirmisher ×102 · Galley ×31 · Organ Gun ×30 · Fishing Ship ×5 · Monk ×3
Feudal
14:49
Castle
25:48
Imperial
50:12
| APM avg | 38.6 |
| APM peak | 102 |
| eAPM avg | 21.2 |
| Villagers / military | 141 / 86 |
Focus
⚔️ 21.3% · 🌾 78.7%
Teutonic Knight ×46 · Fire Galley ×25 · Fishing Ship ×22 · Knight ×15
Feudal
12:50
Castle
21:59
Imperial
41:30
| APM avg | 18.7 |
| APM peak | 43 |
| eAPM avg | 10.8 |
| Villagers / military | 129 / 52 |
Focus
⚔️ 26.8% · 🌾 73.2%
Konnik ×47 · Fishing Ship ×3 · Battering Ram ×2 · Scout Cavalry ×2 · Spearman ×1
Feudal
15:10
Castle
22:09
Imperial
45:27
| APM avg | 63.4 |
| APM peak | 107 |
| eAPM avg | 34.9 |
| Villagers / military | 214 / 253 |
Focus
⚔️ 36.4% · 🌾 63.6%
Keshik ×242 · Fishing Ship ×26 · Unknown (2626) ×11 · Galley ×5 · Fire Galley ×4 · Mangonel ×2
Feudal
12:27
Castle
19:07
Imperial
37:35
| APM avg | 28.7 |
| APM peak | 78 |
| eAPM avg | 10.7 |
| Villagers / military | 95 / 24 |
Focus
⚔️ 30.8% · 🌾 69.2%
Unknown (1968) ×170 · Fishing Ship ×23 · Fire Galley ×14 · Galley ×10 · Unknown (1942) ×7 · Unknown (2626) ×3
Match map
Initial resources + every placement click. Lines = walls · curves = elevation contours. ◆ gold · ⬟ stone · ● berries · ✦ relic · ◌ wall gap
Your base· Open — unwalled flank
FC_CamShaca's base· Open — unwalled flank
ooouj's base· Open — opponent sealed themselves in
THENERITO SAN's base· Open — unwalled flank
FC_M@sTer's base· Open — unwalled flank
Skankhunt_42's base· Open — 11t gap
Smoothed initial terrain · ◌ = detected wall gap · hover for details
Inputs per minute
— FC_salamibujia - - FC_CamShaca
Build order — FC_salamibujia
First 150 of 239 actions detected
| 0:59 | Build | Town Center |
| 1:26 | Build | Dock |
| 1:31 | Build | House |
| 3:05 | Create | Villager (Male) |
| 3:05 | Create | Villager (Male) |
| 3:06 | Create | Villager (Male) |
| 3:07 | Create | Villager (Male) |
| 3:18 | Research | Loom |
| 4:17 | Build | House |
| 5:07 | Create | Villager (Male) |
| 5:39 | Create | Villager (Male) |
| 6:05 | Create | Villager (Male) |
| 6:13 | Create | Fishing Ship |
| 6:51 | Create | Villager (Male) |
| 6:51 | Create | Villager (Male) |
| 7:22 | Create | Villager (Male) |
| 7:23 | Create | Villager (Male) |
| 7:26 | Create | Fishing Ship |
| 7:32 | Build | House |
| 7:51 | Create | Villager (Male) |
| 7:55 | Create | Fishing Ship |
| 8:13 | Create | Villager (Male) |
| 8:13 | Create | Villager (Male) |
| 8:46 | Create | Villager (Male) |
| 9:06 | Build | House |
| 9:17 | Create | Villager (Male) |
| 9:46 | Create | Villager (Male) |
| 9:46 | Create | Villager (Male) |
| 9:51 | Create | Fishing Ship |
| 10:33 | Create | Villager (Male) |
| 10:36 | Create | Fishing Ship |
| 10:53 | Build | House |
| 11:18 | Create | Villager (Male) |
| 11:25 | Build | Lumber Camp |
| 11:41 | Build | House |
| 11:49 | Build | Palisade Wall |
| 11:51 | Build | Palisade Wall |
| 12:06 | Research | Feudal Age |
| 12:16 | Build | Mining Camp |
| 13:35 | Build | Dock |
| 13:40 | Create | Villager (Male) |
| 13:40 | Create | Villager (Male) |
| 13:41 | Create | Villager (Male) |
| 14:15 | Age | Feudal Age |
| 14:19 | Build | Barracks |
| 14:27 | Build | Palisade Wall |
| 14:41 | Build | Lumber Camp |
| 15:04 | Create | Fire Galley |
| 15:07 | Create | Unit 2626 |
| 15:34 | Research | Double-Bit Axe |
| 15:48 | Build | Mill |
| 16:35 | Build | Blacksmith |
| 16:39 | Create | Villager (Male) |
| 16:39 | Create | Villager (Male) |
| 16:40 | Create | Villager (Male) |
| 16:46 | Build | House |
| 17:11 | Create | Fire Galley |
| 17:35 | Create | Unit 2626 |
| 17:57 | Create | Villager (Male) |
| 17:58 | Create | Villager (Male) |
| 18:05 | Build | Farm |
| 18:07 | Build | Farm |
| 18:08 | Build | Farm |
| 18:17 | Create | Unit 2626 |
| 18:32 | Create | Unit 2626 |
| 18:34 | Create | Unit 2626 |
| 20:08 | Build | Market |
| 20:09 | Create | Villager (Male) |
| 20:10 | Create | Villager (Male) |
| 20:10 | Create | Villager (Male) |
| 20:11 | Create | Villager (Male) |
| 20:17 | Research | Horse Collar |
| 21:27 | Research | Castle Age |
| 21:57 | Build | Barracks |
| 22:28 | Create | Spearman |
| 22:28 | Create | Spearman |
| 22:28 | Create | Spearman |
| 22:33 | Build | Farm |
| 22:36 | Build | Farm |
| 22:37 | Build | Farm |
| 22:39 | Build | Farm |
| 23:09 | Research | Forging |
| 23:09 | Research | Scale Mail Armor |
| 23:20 | Build | Mill |
| 23:29 | Create | Fishing Ship |
| 24:01 | Create | Spearman |
| 24:01 | Create | Spearman |
| 24:09 | Age | Castle Age |
| 24:19 | Build | Mining Camp |
| 24:32 | Build | Town Center |
| 24:39 | Create | Villager (Male) ×2 |
| 24:50 | Research | Squires |
| 25:27 | Build | Siege Workshop |
| 25:46 | Research | Man-at-Arms (upgrade) |
| 25:49 | Create | Spearman |
| 25:57 | Build | House |
| 26:00 | Build | House |
| 26:02 | Build | House |
| 26:04 | Build | House |
| 26:08 | Build | Town Center |
| 26:29 | Build | Farm |
| 26:30 | Build | Farm |
| 26:33 | Build | Farm |
| 26:34 | Build | Farm |
| 26:37 | Build | Farm |
| 26:39 | Build | Farm |
| 28:20 | Create | Scorpion |
| 28:34 | Research | Pikeman (upgrade) |
| 28:36 | Create | Spearman ×3 |
| 28:49 | Build | Castle |
| 30:08 | Create | Villager (Male) ×5 |
| 30:08 | Create | Villager (Male) |
| 31:55 | Build | Town Center |
| 33:03 | Build | University |
| 35:03 | Create | Villager (Male) ×5 |
| 35:28 | Build | Town Center |
| 35:55 | Build | Lumber Camp |
| 36:05 | Research | Bow Saw |
| 37:08 | Create | Villager (Male) |
| 38:19 | Create | Villager (Male) ×2 |
| 38:31 | Build | Mill |
| 38:34 | Build | Farm |
| 38:35 | Build | Farm |
| 38:37 | Build | Farm |
| 38:39 | Build | Farm |
| 38:41 | Build | Farm |
| 38:42 | Build | Farm |
| 38:43 | Build | Farm |
| 38:45 | Build | Farm |
| 38:47 | Build | Farm |
| 38:48 | Build | Farm |
| 38:56 | Create | Villager (Male) ×2 |
| 39:39 | Create | Villager (Male) |
| 39:58 | Create | Villager (Male) |
| 40:27 | Build | Mining Camp |
| 40:36 | Create | Villager (Male) ×3 |
| 40:45 | Build | Farm |
| 40:49 | Build | Farm |
| 40:51 | Build | Farm |
| 40:53 | Build | Farm |
| 41:06 | Build | House |
| 41:08 | Build | House |
| 41:10 | Build | House |
| 41:12 | Build | House |
| 41:14 | Build | House |
| 41:16 | Build | House |
| 41:31 | Research | Wheelbarrow |
| 41:33 | Create | Villager (Male) ×2 |
| 42:06 | Build | Town Center |
| 42:14 | Create | Villager (Male) |
Build order — FC_CamShaca
First 150 of 308 actions detected
| 0:12 | Build | House |
| 0:22 | Build | Town Center |
| 1:19 | Build | Dock |
| 2:41 | Create | Villager (Male) ×4 |
| 2:41 | Create | Villager (Male) ×4 |
| 2:41 | Create | Villager (Male) ×4 |
| 3:45 | Create | Fishing Ship |
| 3:52 | Research | Loom |
| 3:56 | Create | Villager (Male) |
| 4:30 | Build | House |
| 4:38 | Build | House |
| 4:51 | Create | Fishing Ship |
| 5:25 | Create | Fishing Ship |
| 5:41 | Create | Villager (Male) |
| 5:41 | Create | Villager (Male) |
| 5:42 | Create | Villager (Male) |
| 6:06 | Create | Fishing Ship |
| 6:31 | Create | Villager (Male) |
| 6:31 | Create | Villager (Male) |
| 6:42 | Create | Fishing Ship |
| 6:54 | Build | House |
| 6:57 | Create | Villager (Male) |
| 6:57 | Create | Villager (Male) |
| 6:58 | Create | Villager (Male) |
| 7:29 | Create | Villager (Male) |
| 7:29 | Create | Villager (Male) |
| 7:29 | Create | Villager (Male) |
| 7:29 | Create | Villager (Male) |
| 7:43 | Create | Villager (Male) |
| 7:43 | Create | Villager (Male) |
| 7:44 | Create | Villager (Male) |
| 8:16 | Create | Villager (Male) |
| 8:46 | Create | Villager (Male) |
| 8:58 | Build | Lumber Camp |
| 9:18 | Create | Villager (Male) |
| 9:36 | Research | Feudal Age |
| 11:13 | Build | Mining Camp |
| 11:54 | Build | Dock |
| 11:59 | Build | House |
| 12:09 | Age | Feudal Age |
| 12:09 | Create | Villager (Male) |
| 12:10 | Create | Villager (Male) |
| 12:15 | Create | Galley |
| 12:24 | Research | Double-Bit Axe |
| 12:30 | Create | Villager (Male) |
| 12:54 | Create | Villager (Male) |
| 12:59 | Research | Town Watch |
| 12:59 | Create | Villager (Male) |
| 12:59 | Create | Villager (Male) |
| 13:08 | Build | House |
| 13:15 | Build | Blacksmith |
| 13:16 | Build | House |
| 13:34 | Create | Galley |
| 13:42 | Create | Villager (Male) |
| 13:48 | Create | Villager (Male) |
| 13:48 | Create | Villager (Male) |
| 13:48 | Create | Villager (Male) |
| 13:57 | Create | Galley |
| 14:13 | Create | Villager (Male) |
| 14:21 | Research | Fletching |
| 15:00 | Build | Lumber Camp |
| 15:11 | Create | Galley ×4 |
| 15:27 | Create | Galley |
| 15:28 | Create | Galley |
| 15:33 | Create | Villager (Male) |
| 16:01 | Build | House |
| 16:04 | Build | House |
| 16:27 | Research | Wheelbarrow |
| 16:33 | Build | House |
| 16:34 | Build | House |
| 16:47 | Create | Villager (Male) |
| 17:17 | Create | Galley ×5 |
| 17:34 | Create | Galley ×3 |
| 17:48 | Create | Villager (Male) |
| 18:07 | Create | Galley ×3 |
| 18:33 | Create | Galley ×2 |
| 18:38 | Create | Villager (Male) |
| 18:38 | Create | Villager (Male) |
| 18:39 | Create | Villager (Male) |
| 18:39 | Create | Villager (Male) |
| 19:15 | Create | Villager (Male) |
| 19:40 | Create | Villager (Male) |
| 19:47 | Build | Mill |
| 20:30 | Build | Farm |
| 20:31 | Build | Farm |
| 20:31 | Build | Farm |
| 20:31 | Build | Farm |
| 20:31 | Build | Farm |
| 21:28 | Build | House |
| 21:48 | Create | Villager (Male) |
| 21:48 | Create | Villager (Male) |
| 21:48 | Create | Villager (Male) |
| 22:16 | Create | Villager (Male) |
| 22:20 | Research | Horse Collar |
| 23:10 | Create | Villager (Male) |
| 23:12 | Build | Farm |
| 23:13 | Build | Farm |
| 23:18 | Build | Dock |
| 23:22 | Create | Villager (Male) |
| 23:37 | Create | Villager (Male) |
| 23:42 | Build | Market |
| 24:15 | Create | Villager (Male) |
| 25:12 | Create | Villager (Male) |
| 25:12 | Create | Villager (Male) |
| 25:31 | Build | Mining Camp |
| 25:43 | Research | Castle Age |
| 26:04 | Create | Villager (Male) |
| 27:32 | Create | Galley |
| 27:32 | Create | Galley |
| 27:55 | Create | Villager (Male) |
| 28:10 | Build | House |
| 28:11 | Build | House |
| 28:23 | Age | Castle Age |
| 28:37 | Research | War Galley (upgrade) |
| 28:40 | Create | Villager (Male) |
| 28:50 | Build | Town Center |
| 28:57 | Build | Monastery |
| 29:01 | Create | Villager (Male) |
| 29:08 | Research | Bodkin Arrow |
| 29:08 | Research | Bodkin Arrow |
| 29:55 | Create | Villager (Male) |
| 29:56 | Create | Villager (Male) |
| 29:59 | Create | Villager (Male) |
| 30:00 | Create | Villager (Male) |
| 30:18 | Create | Villager (Male) |
| 30:19 | Create | Monk |
| 30:29 | Build | Castle |
| 31:17 | Create | Villager (Male) |
| 31:17 | Create | Villager (Male) |
| 31:18 | Create | Villager (Male) |
| 31:22 | Create | Villager (Male) |
| 31:41 | Create | Villager (Male) |
| 31:46 | Create | Villager (Male) |
| 31:47 | Create | Villager (Male) |
| 31:49 | Create | Villager (Male) |
| 31:49 | Create | Villager (Male) |
| 31:49 | Create | Villager (Male) |
| 32:07 | Build | Dock |
| 32:09 | Create | Galley |
| 32:09 | Create | Galley |
| 32:35 | Build | Town Center |
| 32:36 | Create | Organ Gun |
| 32:36 | Create | Organ Gun |
| 32:55 | Create | Villager (Male) |
| 32:56 | Create | Villager (Male) |
| 32:56 | Create | Villager (Male) |
| 32:58 | Create | Villager (Male) ×5 |
| 32:58 | Create | Villager (Male) ×5 |
| 32:58 | Create | Villager (Male) ×5 |
| 33:06 | Create | Villager (Male) |
Build order — ooouj
First 150 of 316 actions detected
| 0:09 | Build | Town Center |
| 0:59 | Build | House |
| 1:36 | Build | Dock |
| 2:36 | Create | Villager (Male) |
| 2:36 | Create | Villager (Male) |
| 2:36 | Create | Villager (Male) |
| 2:37 | Create | Villager (Male) |
| 2:37 | Create | Villager (Male) |
| 4:00 | Build | House |
| 4:13 | Create | Villager (Male) |
| 4:55 | Create | Villager (Male) |
| 4:56 | Create | Villager (Male) |
| 5:03 | Create | Villager (Male) |
| 5:03 | Create | Villager (Male) |
| 5:17 | Create | Fishing Ship |
| 5:17 | Create | Fishing Ship |
| 5:21 | Create | Villager (Male) |
| 5:21 | Create | Villager (Male) |
| 5:45 | Build | Palisade Wall |
| 5:47 | Build | Palisade Wall |
| 5:49 | Build | Palisade Wall |
| 5:50 | Build | Palisade Wall |
| 5:51 | Build | Palisade Wall |
| 5:53 | Create | Villager (Male) |
| 5:54 | Create | Villager (Male) |
| 6:15 | Build | Palisade Wall |
| 6:20 | Build | Palisade Wall |
| 6:20 | Build | Palisade Wall |
| 6:24 | Create | Villager (Male) |
| 6:24 | Create | Villager (Male) |
| 6:34 | Create | Villager (Male) |
| 7:13 | Create | Fishing Ship |
| 7:13 | Create | Fishing Ship |
| 7:13 | Create | Fishing Ship |
| 7:18 | Build | House |
| 7:19 | Create | Villager (Male) |
| 8:09 | Build | Palisade Wall |
| 8:10 | Build | Palisade Wall |
| 8:11 | Build | Palisade Wall |
| 8:16 | Create | Villager (Male) |
| 8:16 | Create | Villager (Male) |
| 8:21 | Create | Fishing Ship |
| 8:21 | Create | Fishing Ship |
| 8:21 | Create | Fishing Ship |
| 8:21 | Create | Fishing Ship |
| 8:33 | Build | House |
| 8:43 | Build | Palisade Wall |
| 8:44 | Build | Palisade Wall |
| 8:49 | Create | Villager (Male) |
| 8:49 | Create | Villager (Male) |
| 8:50 | Create | Villager (Male) |
| 9:18 | Create | Fishing Ship |
| 9:18 | Create | Fishing Ship |
| 9:36 | Build | Mill |
| 9:39 | Create | Villager (Male) |
| 9:39 | Create | Villager (Male) |
| 9:42 | Build | House |
| 10:03 | Create | Villager (Male) |
| 10:12 | Build | House |
| 10:42 | Build | Mining Camp |
| 10:47 | Create | Villager (Male) |
| 10:48 | Create | Villager (Male) |
| 10:48 | Create | Villager (Male) |
| 10:48 | Create | Villager (Male) |
| 10:48 | Create | Villager (Male) |
| 10:52 | Build | House |
| 11:48 | Build | Dock |
| 11:55 | Build | House |
| 12:00 | Research | Loom |
| 12:00 | Research | Loom |
| 12:30 | Create | Fishing Ship |
| 12:30 | Create | Fishing Ship |
| 12:39 | Research | Feudal Age |
| 12:40 | Research | Feudal Age |
| 13:43 | Build | Palisade Wall |
| 14:13 | Build | Lumber Camp |
| 14:28 | Build | Palisade Wall |
| 14:31 | Build | Palisade Wall |
| 14:33 | Build | Palisade Wall |
| 14:49 | Age | Feudal Age |
| 15:00 | Create | Fire Galley |
| 15:00 | Create | Fire Galley |
| 15:00 | Create | Fire Galley |
| 15:01 | Create | Fire Galley |
| 15:01 | Create | Fire Galley |
| 15:01 | Create | Fire Galley |
| 15:01 | Create | Fire Galley |
| 15:01 | Create | Fire Galley |
| 15:05 | Research | Double-Bit Axe |
| 15:05 | Research | Double-Bit Axe |
| 15:15 | Create | Villager (Male) |
| 15:15 | Create | Villager (Male) |
| 15:35 | Build | Dock |
| 15:45 | Build | Lumber Camp |
| 15:49 | Create | Villager (Male) |
| 16:28 | Create | Fire Galley |
| 16:28 | Create | Fire Galley |
| 16:40 | Build | Palisade Wall |
| 17:14 | Create | Fire Galley ×3 |
| 17:15 | Create | Villager (Male) |
| 17:15 | Create | Villager (Male) |
| 17:15 | Create | Villager (Male) |
| 17:16 | Create | Villager (Male) |
| 17:45 | Create | Fire Galley |
| 17:45 | Create | Fire Galley |
| 18:02 | Create | Villager (Male) |
| 18:02 | Create | Villager (Male) |
| 18:03 | Build | House |
| 18:04 | Build | House |
| 18:04 | Build | House |
| 18:05 | Build | House |
| 18:35 | Create | Fire Galley |
| 18:35 | Create | Fire Galley |
| 18:37 | Create | Villager (Male) |
| 18:37 | Create | Villager (Male) |
| 18:37 | Create | Villager (Male) |
| 18:38 | Create | Villager (Male) |
| 18:54 | Build | Lumber Camp |
| 18:59 | Research | Tech 906 |
| 18:59 | Research | Tech 906 |
| 19:54 | Create | Fire Galley |
| 19:54 | Create | Fire Galley |
| 19:59 | Create | Fire Galley |
| 20:00 | Create | Fire Galley |
| 20:00 | Create | Fire Galley |
| 20:02 | Create | Villager (Male) |
| 20:02 | Create | Villager (Male) |
| 20:28 | Create | Villager (Male) |
| 20:50 | Build | Lumber Camp |
| 20:57 | Build | Blacksmith |
| 21:24 | Create | Fishing Ship |
| 21:24 | Create | Fishing Ship |
| 21:24 | Create | Fishing Ship |
| 21:25 | Create | Fishing Ship |
| 21:25 | Create | Fishing Ship |
| 21:31 | Build | Market |
| 22:56 | Build | Lumber Camp |
| 23:08 | Research | Castle Age |
| 23:08 | Research | Castle Age |
| 23:45 | Create | Fishing Ship |
| 23:45 | Create | Fishing Ship |
| 23:45 | Create | Fishing Ship |
| 23:46 | Create | Fishing Ship |
| 23:53 | Build | House |
| 24:03 | Build | Barracks |
| 24:43 | Build | Dock |
| 25:48 | Age | Castle Age |
| 26:09 | Create | Fire Galley |
| 26:09 | Create | Fire Galley |
| 26:16 | Create | Villager (Male) |
Build order — THENERITO SAN
First 150 of 345 actions detected
| 0:42 | Build | House |
| 1:07 | Build | Dock |
| 1:27 | Build | Town Center |
| 3:45 | Create | Villager (Male) |
| 3:46 | Create | Villager (Male) |
| 3:46 | Create | Villager (Male) |
| 3:46 | Create | Villager (Male) |
| 4:03 | Create | Villager (Male) |
| 4:32 | Build | House |
| 5:02 | Create | Villager (Male) |
| 5:50 | Create | Villager (Male) |
| 6:28 | Create | Villager (Male) |
| 6:59 | Create | Villager (Male) |
| 7:23 | Create | Villager (Male) |
| 7:29 | Build | House |
| 7:36 | Create | Villager (Male) |
| 8:00 | Build | House |
| 8:08 | Create | Fishing Ship |
| 8:17 | Create | Villager (Male) |
| 8:41 | Create | Villager (Male) |
| 8:51 | Create | Fishing Ship |
| 9:13 | Create | Villager (Male) |
| 9:28 | Research | Loom |
| 9:46 | Create | Villager (Male) |
| 10:01 | Build | Mill |
| 10:40 | Research | Feudal Age |
| 11:45 | Create | Villager (Male) |
| 11:49 | Build | Lumber Camp |
| 11:50 | Create | Villager (Male) |
| 11:54 | Create | Fishing Ship |
| 12:16 | Build | House |
| 12:37 | Create | Villager (Male) |
| 12:50 | Build | House |
| 12:50 | Age | Feudal Age |
| 12:56 | Research | Double-Bit Axe |
| 12:57 | Create | Villager (Male) |
| 13:11 | Build | House |
| 13:34 | Build | Palisade Wall |
| 13:50 | Build | Barracks |
| 13:54 | Build | House |
| 14:01 | Create | Villager (Male) |
| 14:08 | Build | Palisade Gate |
| 14:16 | Create | Villager (Male) |
| 14:45 | Build | Mining Camp |
| 14:53 | Build | Outpost |
| 14:55 | Create | Villager (Male) |
| 15:00 | Build | House |
| 15:10 | Build | Palisade Wall |
| 15:11 | Build | Palisade Wall |
| 15:12 | Build | Palisade Wall |
| 15:13 | Build | Palisade Wall |
| 15:14 | Build | Palisade Wall |
| 15:30 | Build | Stable |
| 15:33 | Create | Villager (Male) |
| 15:46 | Build | Farm |
| 15:52 | Build | House |
| 16:11 | Build | Farm |
| 16:22 | Build | Farm |
| 16:40 | Create | Villager (Male) |
| 16:44 | Build | Farm |
| 16:47 | Create | Villager (Male) |
| 16:49 | Build | Farm |
| 17:11 | Build | Farm |
| 17:19 | Create | Villager (Male) |
| 17:46 | Build | Market |
| 17:57 | Create | Villager (Male) |
| 17:59 | Build | Farm |
| 18:22 | Create | Villager (Male) |
| 18:26 | Build | Farm |
| 18:50 | Build | Blacksmith |
| 18:54 | Research | Town Watch |
| 19:19 | Research | Castle Age |
| 19:28 | Research | Horse Collar |
| 20:16 | Build | Mining Camp |
| 20:19 | Create | Scout Cavalry |
| 20:24 | Create | Villager (Male) |
| 21:00 | Create | Villager (Male) |
| 21:20 | Create | Scout Cavalry |
| 21:23 | Create | Villager (Male) |
| 21:53 | Create | Villager (Male) |
| 21:59 | Age | Castle Age |
| 22:05 | Build | Town Center |
| 22:27 | Build | Krepost |
| 22:39 | Research | Fletching |
| 22:40 | Create | Villager (Male) |
| 22:54 | Research | Gold Mining |
| 23:17 | Create | Villager (Male) |
| 23:18 | Create | Villager (Male) |
| 23:52 | Create | Villager (Male) |
| 23:52 | Create | Villager (Male) |
| 24:08 | Create | Villager (Male) |
| 24:11 | Create | Villager (Male) |
| 24:12 | Create | Villager (Male) |
| 24:21 | Research | Stone Mining |
| 24:27 | Build | Farm |
| 24:28 | Build | Farm |
| 24:30 | Build | Farm |
| 24:34 | Build | Farm |
| 24:39 | Create | Villager (Male) |
| 24:48 | Build | Krepost |
| 24:55 | Build | Palisade Wall |
| 24:56 | Build | Palisade Wall |
| 25:01 | Build | Palisade Gate |
| 25:08 | Build | Palisade Wall |
| 25:09 | Build | Palisade Wall |
| 25:12 | Build | Palisade Wall |
| 25:16 | Build | Palisade Wall |
| 25:20 | Create | Villager (Male) |
| 25:21 | Create | Villager (Male) |
| 25:42 | Create | Villager (Male) |
| 26:06 | Create | Villager (Male) |
| 26:06 | Create | Villager (Male) |
| 26:45 | Create | Konnik |
| 26:45 | Create | Konnik |
| 26:49 | Create | Villager (Male) |
| 26:50 | Create | Villager (Male) |
| 26:51 | Create | Villager (Male) |
| 27:00 | Build | Mining Camp |
| 27:07 | Build | Krepost |
| 27:16 | Create | Konnik |
| 27:17 | Create | Villager (Male) |
| 27:17 | Create | Villager (Male) |
| 27:26 | Build | Farm |
| 27:27 | Build | Farm |
| 27:29 | Build | Farm |
| 27:43 | Create | Konnik |
| 28:50 | Build | Town Center |
| 28:55 | Build | House |
| 28:56 | Create | Konnik |
| 28:57 | Create | Villager (Male) |
| 28:59 | Create | Villager (Male) |
| 29:29 | Build | Krepost |
| 29:56 | Research | Wheelbarrow |
| 29:57 | Create | Villager (Male) |
| 29:57 | Create | Villager (Male) |
| 29:57 | Create | Villager (Male) |
| 30:06 | Build | Farm |
| 30:07 | Build | Farm |
| 30:08 | Build | Farm |
| 30:42 | Create | Konnik |
| 31:10 | Build | Siege Workshop |
| 31:23 | Create | Villager (Male) |
| 31:24 | Create | Villager (Male) |
| 31:25 | Create | Villager (Male) |
| 31:27 | Create | Villager (Male) |
| 31:27 | Create | Villager (Male) |
| 31:34 | Create | Villager (Male) |
| 31:34 | Create | Villager (Male) |
| 31:47 | Build | Town Center |
| 31:50 | Create | Villager (Male) |
Build order — FC_M@sTer
First 150 of 725 actions detected
| 0:48 | Build | Town Center |
| 1:29 | Build | Dock |
| 2:20 | Build | House |
| 2:53 | Create | Villager (Male) |
| 2:53 | Create | Villager (Male) |
| 2:53 | Create | Villager (Male) |
| 2:54 | Create | Villager (Male) |
| 2:54 | Create | Villager (Male) |
| 3:32 | Build | Palisade Wall |
| 3:57 | Create | Fishing Ship |
| 3:58 | Create | Fishing Ship |
| 4:29 | Build | Palisade Wall |
| 4:31 | Build | Palisade Wall |
| 4:49 | Create | Villager (Male) |
| 4:50 | Create | Villager (Male) |
| 5:05 | Build | House |
| 5:08 | Research | Loom |
| 5:08 | Research | Loom |
| 5:28 | Create | Villager (Male) |
| 5:28 | Create | Villager (Male) |
| 5:48 | Create | Villager (Male) |
| 5:48 | Create | Villager (Male) |
| 5:48 | Create | Villager (Male) |
| 5:58 | Create | Fishing Ship |
| 5:59 | Create | Fishing Ship |
| 6:07 | Build | Palisade Wall |
| 6:08 | Build | Palisade Wall |
| 6:11 | Build | Palisade Wall |
| 6:46 | Create | Villager (Male) |
| 6:46 | Create | Villager (Male) |
| 6:55 | Build | Palisade Wall |
| 7:09 | Create | Fishing Ship |
| 7:09 | Create | Fishing Ship |
| 7:19 | Create | Villager (Male) |
| 7:20 | Create | Villager (Male) |
| 7:21 | Create | Villager (Male) |
| 7:21 | Create | Villager (Male) |
| 7:21 | Create | Villager (Male) |
| 7:36 | Create | Villager (Male) |
| 7:36 | Create | Villager (Male) |
| 7:39 | Create | Fishing Ship |
| 7:40 | Create | Fishing Ship |
| 8:03 | Build | House |
| 8:14 | Build | House |
| 8:21 | Build | House |
| 8:29 | Build | House |
| 8:49 | Create | Villager (Male) |
| 8:50 | Create | Villager (Male) |
| 8:50 | Create | Villager (Male) |
| 8:51 | Create | Villager (Male) |
| 8:51 | Create | Villager (Male) |
| 8:51 | Create | Villager (Male) |
| 8:59 | Build | Palisade Wall |
| 9:29 | Create | Villager (Male) |
| 9:29 | Create | Villager (Male) |
| 9:30 | Create | Villager (Male) |
| 9:30 | Create | Villager (Male) |
| 9:30 | Create | Villager (Male) |
| 9:30 | Create | Villager (Male) |
| 9:32 | Create | Fishing Ship |
| 9:33 | Create | Fishing Ship |
| 9:39 | Build | House |
| 9:42 | Create | Villager (Male) |
| 9:42 | Create | Villager (Male) |
| 9:42 | Create | Villager (Male) |
| 9:42 | Create | Villager (Male) |
| 10:00 | Build | House |
| 10:10 | Create | Villager (Male) |
| 10:10 | Create | Villager (Male) |
| 10:13 | Create | Villager (Male) |
| 10:13 | Create | Villager (Male) |
| 10:21 | Create | Villager (Male) |
| 10:22 | Create | Villager (Male) |
| 10:36 | Build | Palisade Wall |
| 10:50 | Build | House |
| 11:09 | Create | Fishing Ship |
| 11:27 | Create | Villager (Male) |
| 11:27 | Create | Villager (Male) |
| 12:16 | Build | Mill |
| 12:18 | Create | Villager (Male) |
| 12:22 | Create | Villager (Male) |
| 12:48 | Research | Feudal Age |
| 12:48 | Research | Feudal Age |
| 13:15 | Create | Fishing Ship |
| 13:15 | Create | Fishing Ship |
| 13:16 | Create | Fishing Ship |
| 13:31 | Build | House |
| 14:06 | Build | House |
| 15:10 | Age | Feudal Age |
| 15:13 | Create | Unit 2626 |
| 15:19 | Create | Villager (Male) |
| 15:19 | Create | Villager (Male) |
| 15:19 | Create | Villager (Male) |
| 15:38 | Create | Villager (Male) |
| 15:47 | Build | Blacksmith |
| 15:50 | Create | Villager (Male) |
| 16:23 | Create | Unit 2626 |
| 16:24 | Create | Unit 2626 |
| 16:33 | Create | Villager (Male) |
| 16:33 | Create | Villager (Male) |
| 16:34 | Create | Villager (Male) |
| 16:34 | Create | Villager (Male) |
| 16:34 | Create | Villager (Male) |
| 16:35 | Create | Villager (Male) |
| 16:35 | Create | Villager (Male) |
| 16:35 | Create | Villager (Male) |
| 16:37 | Research | Fletching |
| 16:37 | Research | Fletching |
| 16:38 | Research | Fletching |
| 17:00 | Create | Fire Galley |
| 17:05 | Build | House |
| 17:20 | Create | Villager (Male) |
| 18:04 | Create | Villager (Male) |
| 18:05 | Create | Villager (Male) |
| 18:10 | Build | Market |
| 18:11 | Create | Villager (Male) |
| 18:11 | Create | Villager (Male) |
| 18:18 | Build | Mining Camp |
| 18:44 | Build | Dock |
| 19:19 | Research | Castle Age |
| 19:26 | Research | Town Watch |
| 19:26 | Research | Town Watch |
| 19:26 | Research | Town Watch |
| 19:29 | Research | Stone Mining |
| 19:29 | Research | Stone Mining |
| 19:29 | Research | Stone Mining |
| 19:42 | Create | Unit 2626 |
| 19:44 | Create | Villager (Male) |
| 19:44 | Create | Villager (Male) |
| 20:08 | Create | Unit 2626 |
| 20:40 | Create | Fishing Ship |
| 20:41 | Create | Fishing Ship |
| 20:45 | Build | House |
| 21:08 | Create | Galley |
| 21:15 | Build | Farm |
| 21:19 | Build | Farm |
| 21:21 | Research | Scale Barding Armor |
| 21:22 | Research | Scale Barding Armor |
| 21:22 | Research | Scale Barding Armor |
| 21:33 | Create | Fishing Ship |
| 22:09 | Age | Castle Age |
| 22:18 | Research | War Galley (upgrade) |
| 22:19 | Research | War Galley (upgrade) |
| 22:41 | Create | Unit 2626 |
| 22:41 | Create | Unit 2626 |
| 22:52 | Create | Villager (Male) |
| 22:52 | Create | Villager (Male) |
| 23:01 | Build | Town Center |
| 23:02 | Create | Villager (Male) |
| 23:02 | Create | Villager (Male) |
Build order — Skankhunt_42
First 150 of 263 actions detected
| 0:05 | Build | Town Center |
| 1:16 | Build | Dock |
| 1:18 | Build | House |
| 2:25 | Create | Villager (Male) ×5 |
| 3:34 | Create | Fishing Ship |
| 4:14 | Build | House |
| 4:20 | Create | Villager (Male) |
| 4:41 | Create | Fishing Ship |
| 5:04 | Research | Loom |
| 5:13 | Create | Fishing Ship |
| 5:32 | Create | Villager (Male) |
| 5:59 | Create | Fishing Ship |
| 6:10 | Create | Villager (Male) |
| 6:10 | Create | Villager (Male) |
| 6:21 | Build | House |
| 6:36 | Create | Villager (Male) |
| 6:36 | Create | Villager (Male) |
| 7:01 | Create | Villager (Male) |
| 7:01 | Create | Villager (Male) |
| 7:19 | Create | Fishing Ship |
| 7:25 | Create | Villager (Male) |
| 7:25 | Create | Villager (Male) |
| 7:37 | Create | Villager (Male) |
| 7:50 | Create | Villager (Male) |
| 8:17 | Build | House |
| 8:33 | Build | House |
| 8:48 | Create | Fishing Ship |
| 9:17 | Create | Villager (Male) |
| 9:32 | Build | Mining Camp |
| 9:52 | Create | Villager (Male) |
| 10:00 | Create | Fishing Ship |
| 10:10 | Research | Feudal Age |
| 10:48 | Create | Fishing Ship |
| 10:50 | Create | Fishing Ship |
| 10:55 | Build | House |
| 10:57 | Build | House |
| 11:38 | Build | Mill |
| 12:09 | Build | Dock |
| 12:12 | Create | Villager (Male) |
| 12:27 | Age | Feudal Age |
| 12:40 | Build | Market |
| 12:43 | Create | Villager (Male) |
| 13:06 | Build | Blacksmith |
| 13:14 | Create | Fishing Ship |
| 13:31 | Create | Villager (Male) |
| 13:31 | Create | Villager (Male) |
| 13:55 | Build | Dock |
| 13:58 | Create | Villager (Male) |
| 13:59 | Create | Villager (Male) |
| 14:14 | Create | Fishing Ship |
| 14:48 | Create | Unit 2626 |
| 14:49 | Create | Fire Galley |
| 14:53 | Create | Villager (Male) |
| 15:02 | Create | Unit 2626 |
| 15:04 | Create | Villager (Male) |
| 15:09 | Create | Fishing Ship |
| 15:10 | Create | Fishing Ship |
| 15:31 | Build | House |
| 15:33 | Build | House |
| 15:34 | Build | House |
| 15:37 | Build | House |
| 15:42 | Build | House |
| 16:27 | Research | Castle Age |
| 16:39 | Create | Unit 2626 |
| 16:52 | Build | House |
| 16:53 | Build | House |
| 16:56 | Create | Villager (Male) |
| 16:58 | Build | Lumber Camp |
| 17:00 | Create | Villager (Male) |
| 17:04 | Create | Fishing Ship |
| 17:04 | Create | Fishing Ship |
| 17:38 | Create | Fire Galley |
| 17:39 | Create | Fire Galley |
| 17:49 | Create | Fishing Ship |
| 17:59 | Research | Double-Bit Axe |
| 18:12 | Create | Fishing Ship |
| 18:33 | Build | Mining Camp |
| 18:59 | Create | Fire Galley |
| 19:07 | Age | Castle Age |
| 19:19 | Research | War Galley (upgrade) |
| 19:48 | Create | Fire Galley |
| 19:48 | Create | Fire Galley |
| 19:53 | Create | Villager (Male) |
| 19:54 | Create | Villager (Male) |
| 19:56 | Create | Villager (Male) |
| 20:11 | Create | Villager (Male) |
| 20:13 | Create | Villager (Male) |
| 20:15 | Create | Villager (Male) |
| 20:29 | Create | Fire Galley |
| 20:29 | Create | Fire Galley |
| 20:43 | Build | House |
| 21:38 | Create | Villager (Male) |
| 21:39 | Create | Villager (Male) |
| 21:44 | Build | House |
| 21:45 | Build | House |
| 21:45 | Build | House |
| 21:47 | Build | Town Center |
| 21:49 | Create | Villager (Male) |
| 21:50 | Create | Villager (Male) |
| 22:24 | Create | Fishing Ship |
| 22:25 | Create | Fishing Ship |
| 22:28 | Research | Tech 906 |
| 22:51 | Create | Villager (Male) |
| 22:54 | Research | Wheelbarrow |
| 23:30 | Create | Fire Galley |
| 23:30 | Create | Fire Galley |
| 23:31 | Create | Fire Galley |
| 23:31 | Create | Fire Galley |
| 23:45 | Create | Villager (Male) |
| 23:47 | Create | Villager (Male) |
| 23:53 | Research | Bow Saw |
| 24:25 | Create | Villager (Male) |
| 25:35 | Create | Villager (Male) |
| 25:37 | Research | Hand Cart |
| 25:42 | Build | Town Center |
| 25:45 | Create | Villager (Male) |
| 25:46 | Create | Villager (Male) |
| 25:52 | Research | Horse Collar |
| 26:25 | Create | Villager (Male) |
| 26:25 | Create | Villager (Male) |
| 26:26 | Create | Villager (Male) |
| 26:30 | Create | Villager (Male) |
| 26:30 | Create | Villager (Male) |
| 26:41 | Research | Gillnets |
| 27:00 | Create | Villager (Male) |
| 27:00 | Create | Villager (Male) |
| 27:02 | Create | Villager (Male) |
| 27:05 | Create | Villager (Male) |
| 27:07 | Create | Villager (Male) |
| 27:08 | Create | Villager (Male) |
| 27:09 | Create | Villager (Male) |
| 27:30 | Create | Fishing Ship |
| 27:30 | Create | Fishing Ship |
| 27:30 | Create | Fishing Ship |
| 27:31 | Create | Fishing Ship |
| 27:57 | Research | Fletching |
| 28:00 | Create | Villager (Male) |
| 28:13 | Build | Castle |
| 28:16 | Research | Bodkin Arrow |
| 28:17 | Create | Villager (Male) |
| 28:18 | Create | Villager (Male) |
| 28:19 | Create | Villager (Male) |
| 28:20 | Create | Villager (Male) |
| 28:26 | Create | Villager (Male) |
| 28:29 | Create | Villager (Male) |
| 29:03 | Create | Galley ×5 |
| 29:04 | Create | Galley ×5 |
| 29:11 | Create | Villager (Male) |
| 29:13 | Create | Villager (Male) |
| 29:14 | Create | Villager (Male) |
Match timeline
| 1:07 | THENERITO SAN · first_building Dock |
| 1:16 | Skankhunt_42 · first_building Dock |
| 1:19 | FC_CamShaca · first_building Dock |
| 1:26 | FC_salamibujia · first_building Dock |
| 1:29 | FC_M@sTer · first_building Dock |
| 1:36 | ooouj · first_building Dock |
| 3:32 | FC_M@sTer · wall_segment Palisade Wall x1 |
| 4:29 | FC_M@sTer · wall_segment Palisade Wall x1 |
| 4:31 | FC_M@sTer · wall_segment Palisade Wall x1 |
| 5:45 | ooouj · wall_segment Palisade Wall x1 |
| 5:47 | ooouj · wall_segment Palisade Wall x1 |
| 5:49 | ooouj · wall_segment Palisade Wall x1 |
| 5:50 | ooouj · wall_segment Palisade Wall x1 |
| 5:51 | ooouj · wall_segment Palisade Wall x1 |
| 6:07 | FC_M@sTer · wall_segment Palisade Wall x1 |
| 6:08 | FC_M@sTer · wall_segment Palisade Wall x1 |
| 6:11 | FC_M@sTer · wall_segment Palisade Wall x1 |
| 6:15 | ooouj · wall_segment Palisade Wall x1 |
| 6:20 | ooouj · wall_segment Palisade Wall x1 |
| 6:20 | ooouj · wall_segment Palisade Wall x1 |
| 6:55 | FC_M@sTer · wall_segment Palisade Wall x1 |
| 8:09 | ooouj · wall_segment Palisade Wall x1 |
| 8:10 | ooouj · wall_segment Palisade Wall x1 |
| 8:11 | ooouj · wall_segment Palisade Wall x1 |
| 8:43 | ooouj · wall_segment Palisade Wall x1 |
| 8:44 | ooouj · wall_segment Palisade Wall x1 |
| 8:59 | FC_M@sTer · wall_segment Palisade Wall x1 |
| 10:36 | FC_M@sTer · wall_segment Palisade Wall x1 |
| 11:49 | FC_salamibujia · wall_segment Palisade Wall x4 |
| 11:51 | FC_salamibujia · wall_segment Palisade Wall x5 |
| 12:09 | FC_CamShaca · age_up feudal |
| 12:27 | Skankhunt_42 · age_up feudal |
| 12:50 | THENERITO SAN · age_up feudal |
| 13:34 | THENERITO SAN · wall_segment Palisade Wall x6 |
| 13:43 | ooouj · wall_segment Palisade Wall x1 |
| 13:50 | THENERITO SAN · first_building Barracks |
| 14:15 | FC_salamibujia · age_up feudal |
| 14:19 | FC_salamibujia · first_building Barracks |
| 14:27 | FC_salamibujia · wall_segment Palisade Wall x5 |
| 14:28 | ooouj · wall_segment Palisade Wall x1 |
| 14:31 | ooouj · wall_segment Palisade Wall x1 |
| 14:33 | ooouj · wall_segment Palisade Wall x1 |
| 14:49 | ooouj · age_up feudal |
| 15:10 | FC_M@sTer · age_up feudal |
| 15:10 | THENERITO SAN · wall_segment Palisade Wall x1 |
| 15:11 | THENERITO SAN · wall_segment Palisade Wall x1 |
| 15:12 | THENERITO SAN · wall_segment Palisade Wall x2 |
| 15:13 | THENERITO SAN · wall_segment Palisade Wall x1 |
| 15:14 | THENERITO SAN · wall_segment Palisade Wall x1 |
| 15:30 | THENERITO SAN · first_building Stable |
| 16:24 | Skankhunt_42 · first_market_buy 100 food |
| 16:40 | ooouj · wall_segment Palisade Wall x1 |
| 19:07 | Skankhunt_42 · age_up castle |
| 19:13 | THENERITO SAN · first_market_sell 100 stone |
| 21:59 | THENERITO SAN · age_up castle |
| 22:09 | FC_M@sTer · age_up castle |
| 22:21 | ooouj · first_market_buy 100 food |
| 22:26 | ooouj · first_market_sell 100 wood |
| 22:27 | THENERITO SAN · first_building Krepost |
| 24:03 | ooouj · first_building Barracks |
| 24:09 | FC_salamibujia · age_up castle |
| 24:55 | THENERITO SAN · wall_segment Palisade Wall x1 |
| 24:56 | THENERITO SAN · wall_segment Palisade Wall x1 |
| 25:08 | THENERITO SAN · wall_segment Palisade Wall x1 |
| 25:09 | THENERITO SAN · wall_segment Palisade Wall x1 |
| 25:12 | THENERITO SAN · wall_segment Palisade Wall x2 |
| 25:16 | THENERITO SAN · wall_segment Palisade Wall x1 |
| 25:22 | FC_CamShaca · first_market_buy 100 food |
| 25:27 | FC_salamibujia · first_building Siege Workshop |
| 25:48 | ooouj · age_up castle |
| 26:37 | ooouj · first_building Castle |
| 27:17 | FC_M@sTer · first_building Castle |
| 28:13 | Skankhunt_42 · first_building Castle |
| 28:23 | FC_CamShaca · age_up castle |
| 28:49 | FC_salamibujia · first_building Castle |
| 28:57 | FC_CamShaca · first_building Monastery |
| 29:06 | THENERITO SAN · first_market_buy 100 stone |
| 30:29 | FC_CamShaca · first_building Castle |
| 31:09 | FC_CamShaca · tribute_sent a jugador 2 |
| 31:09 | FC_CamShaca · tribute_sent a jugador 3 |
| 31:09 | FC_CamShaca · tribute_sent a jugador 4 |
| 31:09 | FC_CamShaca · tribute_sent a jugador 5 |
| 31:09 | FC_CamShaca · tribute_sent a jugador 6 |
| 31:10 | THENERITO SAN · first_building Siege Workshop |
| 31:42 | ooouj · first_building Stable |
| 33:06 | FC_M@sTer · first_building Siege Workshop |
| 33:18 | THENERITO SAN · wall_segment Palisade Wall x1 |
| 33:20 | THENERITO SAN · wall_segment Palisade Wall x1 |
| 33:21 | THENERITO SAN · wall_segment Palisade Wall x1 |
| 34:59 | THENERITO SAN · first_building Castle |
| 37:35 | Skankhunt_42 · age_up imperial |
| 38:06 | Skankhunt_42 · first_market_sell 500 wood |
| 38:36 | FC_M@sTer · first_building Barracks |
| 39:25 | ooouj · first_building Siege Workshop |
| 39:59 | FC_M@sTer · first_building Stable |
| 41:30 | THENERITO SAN · age_up imperial |
| 41:57 | Skankhunt_42 · first_building Siege Workshop |
| 44:40 | FC_M@sTer · tribute_sent a jugador 1 |
| 44:40 | FC_M@sTer · tribute_sent a jugador 2 |
| 44:40 | FC_M@sTer · tribute_sent a jugador 3 |
| 44:40 | FC_M@sTer · tribute_sent a jugador 4 |
| 44:40 | FC_M@sTer · tribute_sent a jugador 6 |
| 44:44 | FC_CamShaca · age_up imperial |
| 45:27 | FC_M@sTer · age_up imperial |
| 46:52 | FC_M@sTer · first_building Archery Range |
| 46:54 | FC_CamShaca · first_building Barracks |
| 47:57 | FC_CamShaca · first_building Archery Range |
| 48:21 | FC_M@sTer · first_market_sell 100 wood |
| 48:23 | FC_M@sTer · first_market_buy 100 food |
| 50:12 | ooouj · age_up imperial |
| 52:54 | FC_salamibujia · age_up imperial |
| 54:08 | FC_M@sTer · resign |
[ AI ANALYSIS · 1 CREDIT ]
What really happened in this match?
Wolo.gg analyzes every decision: build order, eco, micro, common mistakes by bracket. Personalized analysis on WhatsApp or Discord in 30 seconds.
Civ guide
Goths
Map guide
Nomad
Perfil
Jugador #9570477